AoeStats
← Ken

Arena

505231705Analyzed
1v1 RM · 23d ago on Sep 8, 2026· 33m 45s· 2 players
Game mode
Random Map
Map size
Tiny (2 player)
Population
200
Speed
Normal
Resources
Standard
Victory
Conquest
Starting age
Dark Age
Ending age
Imperial Age
RankedLock teamsTeams togetherTeam positionsShared explorationLock speedFull tech treeHidden civsTurbo modeCheats
Victory
Defeat
🇨🇳 Franks · China
918
+15
🇮🇳 Persians · India
899
-39
lonelion_
10:10 Feudal Age
14:49 Castle Age
16:17 Double-Bit Axe
22:16 Wheelbarrow
24:46 Bow Saw
26:23 Gold Mining
26:25 Stone Mining
29:25 Stone Shaft Mining
29:30 Gold Shaft Mining
31:33 Imperial Age
29:37 Hand Cart
29:11 Loom
30:08 Scale Barding Armor
30:13 Forging
30:07 Husbandry
30:21 Bloodlines
30:03 Horse Collar
30:22 Town Watch
31:07 Heavy Plow
32:23 Chain Barding Armor
32:38 Iron Casting
31:34 Cavalier
34:06 Plate Barding Armor
Ken
10:32 Feudal Age
12:39 Loom
13:15 Double-Bit Axe
15:59 Castle Age
14:20 Double-Bit Axe
17:00 Bow Saw
21:59 Squires
25:47 Wheelbarrow
29:18 Imperial Age
28:01 Husbandry
28:05 Scale Mail Armor
28:15 Forging
28:11 Scale Barding Armor
28:06 Padded Archer Armor
27:58 Fletching
29:00 Gold Mining
29:30 Pikeman
30:40 Cavalier
32:07 Conscription
32:05 Arson
32:38 Chain Mail Armor
33:09 Iron Casting
33:16 Murder Holes
Connection lost

Rejoining the realm…

Still unreachable

The connection could not be restored.

Session expired

The server has moved on; the page needs a fresh start.